 Dungeon Crawl Stone Soup version 0.25-a0-1137-g7f6bfe439b (webtiles) character file.

Game seed: 2642904166195892010, levelgen mode: deterministic

235 MalarOregon the Digger (level 5, -3/42 HPs)
             Began as a Draconian Earth Elementalist on May 23, 2020.
             Was a Follower of Fedhas.
             Killed by divine providence
             ... invoked by an orc priest
              (12 damage)
             ... on level 4 of the Dungeon.
             The game lasted 00:08:08 (5068 turns).

MalarOregon the Digger (DrEE)                       Turns: 5068, Time: 00:08:08

Health: -3/42      AC:  7    Str: 11    XL:     5   Next: 76%
Magic:  9/9        EV: 13    Int: 16    God:    Fedhas [*.....]
Gold:   224        SH:  0    Dex: 11    Spells: 3/9 levels left

rFire    . . .     SeeInvis .   p - -2 mace (curse)
rCold    . . .     Gourm    .   (no shield)
rNeg     . . .     Faith    .   (armour unavailable)
rPois    .         Spirit   .   (helmet restricted)
rElec    .         Reflect  .   (no cloak)
rCorr    .         Harm     .   (no gloves)
MR       .....                  m - +1 pair of boots
Stlth    ++........             (no amulet)
HPRegen  0.14/turn              (no ring)
MPRegen  0.11/turn              (no ring)

@: brilliant, hasted and slowed
A: unfitting armour, cold-blooded, AC +5
a: Renounce Religion


You were on level 4 of the Dungeon.
You worshipped Fedhas.
Fedhas was aware of your devotion.
You were not hungry.

You visited 1 branch of the dungeon, and saw 4 of its levels.

You collected 224 gold pieces.

Inventory:

Hand Weapons
 b - a +0 flail
   (You took it off an orc priest on level 2 of the Dungeon)
 k - a +0 whip
   (You took it off a kobold on level 2 of the Dungeon)
 p - a cursed -2 mace (weapon)
   (You found it on level 2 of the Dungeon)
Missiles
 d - 16 poisoned darts (quivered)
 j - 56 stones
Armour
 m - a +1 pair of boots (worn)
   (You found it on level 3 of the Dungeon)
Jewellery
 n - an uncursed ring of poison resistance {unknown}
   (You found it on level 2 of the Dungeon)
Wands
 c - a wand of disintegration (18)
   (You found it on level 3 of the Dungeon)
Scrolls
 q - a scroll of identify {@r1}
Potions
 a - a potion of brilliance
 f - a potion of heal wounds {unknown}
 g - 4 potions of curing {@q1}
 h - 2 potions of haste {@q3}
 i - a potion of mutation {unknown}
 l - a potion of flight {unknown}
 o - 2 potions of resistance {unknown}
Comestibles
 e - 9 rations {!d}


   Skills:
 + Level 2.4 Fighting
 + Level 1.5 Maces & Flails
 + Level 2.8 Dodging
 - Level 1.7 Stealth
 + Level 2.9 Spellcasting
 + Level 1.0 Conjurations
 + Level 1.5 Transmutations
 + Level 3.8 Earth Magic
 + Level 1.0 Invocations


You had 3 spell levels left.
You knew the following spells:

 Your Spells              Type           Power        Failure   Level  Hunger
a - Sandblast             Erth           ###...       3%          1    None
q - Passwall              Tmut/Erth      ###.....     10%         2    None
x - Stone Arrow           Conj/Erth      ###...       21%         3    None

Your spell library contained the following spells:

 Spells                   Type           Power        Failure   Level  Hunger
 Petrify                  Tmut/Erth      ###.....     52%         4    None
 Lee's Rapid Deconstruct  Erth           ###.......   71%         5    None


Dungeon Overview and Level Annotations

Branches:
Dungeon (4/15)
 Temple: D:4-7

Altars:
Fedhas

Annotations:
D:2 Sigmund


Innate Abilities, Weirdness & Mutations

Your plain brown scales are hard. (AC +5)
You cannot fit into any form of body armour.
You are cold-blooded and may be slowed by cold attacks.


Message History

Something hits you but does no damage.
Unknown command.
The orc wizard hits you with a +0 dagger.
* * * LOW HITPOINT WARNING * * *
The orc wizard hits you but does no damage. x2
You hear some strange, mumbled words.
A magic dart appears from out of thin air!
The magic dart hits you.
* * * LOW HITPOINT WARNING * * *
The orc wizard barely misses you. The orc wizard misses you.
Unknown command.
The orc wizard mumbles some strange words.
The orc wizard blinks!
The orc wizard points at you and mumbles some strange words.
The puff of flame hits you.
* * * LOW HITPOINT WARNING * * *
You hear some strange, mumbled words.
A magic dart appears from out of thin air!
The magic dart hits you but does no damage.
Okay, then.
It was a potion of haste.
You feel yourself speed up.
The orc wizard casts a spell.
The orc wizard blinks!
You hear some strange, mumbled words.
Something tries to affect you, but you resist.
You feel yourself speed up.
The orc wizard points at you and mumbles some strange words.
You feel yourself slow down.
An orc wizard appears from thin air!
Reactivating autopickup.
The orc wizard gestures wildly while chanting.
The orc wizard blinks!
The orc wizard mumbles some strange words.
The orc wizard flickers and vanishes!
Deactivating autopickup; reactivate with Ctrl-A.
The orc wizard gestures wildly while chanting.
The orc wizard blinks!
The orc priest mumbles some strange prayers to Beogh against you.
Pain shoots through your body!
* * * LOW HITPOINT WARNING * * *
It was a potion of brilliance.
You feel clever all of a sudden.
The orc wizard gestures wildly while chanting.
The orc wizard blinks!
The orc wizard points at you and mumbles some strange words.
The magic dart hits you but does no damage.
The orc priest calls down the wrath of Beogh upon you.
Beogh smites you!
You die...
Fedhas appreciates your contribution to the ecosystem.

.. #.# #(...o÷....# #.#
#..........# #.#
##....o.....# #.#
#.oo..####### #.#
#.....# #.# #.o...#
..####.....#
#.###.......(#
#......@....##
.......>....############
............'...........
...##.......############
#. #.......# #
#.########### #.
#......# #. #......#
#......#


You could see an orc priest, 2 orc wizards and an orc.

Vanquished Creatures
  A hound (D:4)
  2 orc priests
  An orc wizard (D:3)
  4 adders
  A worm (D:3)
  4 leopard geckos
  5 orcs
  7 bats
  2 giant cockroaches
  6 hobgoblins
  5 jackals
  A ball python (D:2)
  6 frilled lizards
  8 goblins
  9 kobolds
  9 rats
71 creatures vanquished.

Notes
Turn   | Place    | Note
-------+----------+-------------------------------------------
     0 | D:1      | MalarOregon the Draconian Earth Elementalist began the
                  | quest for the Orb.
     0 | D:1      | Reached XP level 1. HP: 14/14 MP: 3/3
   501 | D:1      | Reached XP level 2. HP: 5/22 MP: 3/5
   974 | D:1      | Reached skill level 1 in Fighting
  2050 | D:2      | Reached XP level 3. HP: 28/28 MP: 4/6
  2273 | D:2      | Noticed Sigmund
  2791 | D:3      | Found a blossoming altar of Fedhas.
  2797 | D:2      | Reached XP level 4. HP: 26/36 MP: 4/7
  2951 | D:3      | Reached skill level 1 in Maces & Flails
  2967 | D:3      | Became a worshipper of Fedhas Madash
  2971 | D:3      | Learned a level 2 spell: Passwall
  2975 | D:3      | Learned a level 3 spell: Stone Arrow
  3932 | D:3      | Reached XP level 5. HP: 41/41 MP: 9/9
  4387 | D:3      | Reached * piety under Fedhas
  4873 | D:4      | Reached skill level 1 in Conjurations
  4937 | D:4      | Reached skill level 1 in Invocations
  5068 | D:4      | Killed from afar by an orc priest

Illustrated notes

Levels and vault maps discovered:
D:1:      lightli_arrival_chessboard, layout_basic,
          corexii_item_surrounded_by_moat
D:2:      layout_loops_cross, uniq_sigmund
D:3:      layout_basic, fedhas_altar_1
D:4:      layout_basic, minmay_temple_entry_hall, serial_shops,
          kennysheep_little_box

Skill      XL: |  1  2  3  4  5 |
---------------+----------------+-----
Dodging        | 2 |  2.8
Fighting       | 1 2 |  2.4
Maces & Flails | 1 |  1.5
Conjurations   | 1 |  1.0
Invocations    | 1 |  1.0
Stealth        | |  1.7
Spellcasting   | |  2.9
Transmutations | |  1.5
Earth Magic    | |  3.8

Action                   |  1- 3 |  4- 6 || total
-------------------------+-------+-------++-------
Melee: Unarmed           |   108 |       ||   108
       Tailslap          |     8 |     9 ||    17
       Mace              |     3 |   162 ||   165
       Whip              |     3 |       ||     3
Throw: Dart              |       |    47 ||    47
       Stone             |       |     1 ||     1
 Cast: Sandblast         |    30 |    13 ||    43
  Use: Scroll            |     4 |     3 ||     7
       Potion            |       |     3 ||     3
 Stab: Sleeping          |       |     4 ||     4
  Eat: Chunk             |     6 |     8 ||    14
Armor: Skin              |    31 |    87 ||   118
Dodge: Dodged            |    78 |   141 ||   219

Table legend:
 A = Non-vault XP
 B = Vault XP
 C = Vault XP percentage of total XP
 D = Non-vault monster count
 E = Vault monster count
 F = Vault count percentage of total count
                 A         B        C        D         E       F
            +---------+---------+-------+---------+---------+-------
      Total |     337 |       0 |   0.0 |      71 |       0 |   0.0
            +---------+---------+-------+---------+---------+-------
        D:1 |      36 |       0 |   0.0 |      22 |       0 |   0.0
        D:2 |      68 |       0 |   0.0 |      16 |       0 |   0.0
        D:3 |     157 |       0 |   0.0 |      28 |       0 |   0.0
        D:4 |      76 |       0 |   0.0 |       5 |       0 |   0.0
            +---------+---------+-------+---------+---------+-------
